 Dungeon Crawl Stone Soup version 0.19.1 (webtiles) character file.

284 RKaid the Firebug (level 6, -3/36 HPs)
             Began as an Octopode Fire Elementalist on Dec 25, 2016.
             Slain by an orc
             ... wielding a +0 dagger
              (6 damage)
             ... on level 4 of the Dungeon.
             The game lasted 00:11:22 (3891 turns).

RKaid the Firebug (Octopode Fire Elementalist)      Turns: 3891, Time: 00:11:23

Health: -3/36      AC:  1    Str:  7    XL:     6   Next: 29%
Magic:  6/11       EV: 14    Int: 19    God:
Gold:   159        SH:  0    Dex: 13    Spells: 4 memorised, 1 level left

rFire  . . .     SeeInvis .     j - +0 short sword
rCold  + . .     Gourm    .     (no shield)
rNeg   . . .     Faith    .     (helmet restricted)
rPois  .         Spirit   .     (no amulet)
rElec  .         Reflect  .     f - ring of protection from cold {rC+}
rCorr  .         Harm     .     (no ring)
MR     .....                    (no ring)
Stlth  ++........               (no ring)
                                (no ring)
                                (no ring)
                                (no ring)
                                (no ring)

@: confused
A: almost no armour, stealthy swim, amphibious, 8 rings, constrict 8, camouflage
1, gelatinous body 1
a: no special abilities


You were on level 4 of the Dungeon.
You were not hungry.

You visited 1 branch of the dungeon, and saw 4 of its levels.

You collected 159 gold pieces.

Inventory:

Hand Weapons
 b - a +0 club
   (You took it off a hobgoblin on level 3 of the Dungeon)
 e - a +0 spear
   (You found it on level 4 of the Dungeon)
 j - a +0 short sword (weapon)
   (You found it on level 2 of the Dungeon)
 k - a +0 hand axe
   (You found it on level 1 of the Dungeon)
 l - a +0 falchion
   (You found it on level 2 of the Dungeon)
 n - a +0 club
   (You took it off a hobgoblin on level 2 of the Dungeon)
 p - a +0 dagger
   (You took it off a kobold on level 2 of the Dungeon)
 q - a +0 club
   (You took it off a hobgoblin on level 3 of the Dungeon)
 r - a +0 spear
   (You found it on level 1 of the Dungeon)
 s - a +0 club
   (You found it on level 3 of the Dungeon)
 w - a +0 short sword
   (You took it off a kobold on level 3 of the Dungeon)
Jewellery
 f - a ring of protection from cold (left tentacle) {rC+}
   (You found it on level 1 of the Dungeon)
Scrolls
 c - 3 scrolls of identify
Potions
 g - a potion of agility
 h - 4 potions of curing
 i - 2 potions of might
 u - a potion of heal wounds {unknown}
Books
 a - a book of Flames
Comestibles
 m - 3 meat rations
 o - 3 bread rations


   Skills:
 - Level 2.7 Dodging
 - Level 3.8 Stealth
 + Level 3.4 Spellcasting
 + Level 3.2 Conjurations
 + Level 4.2 Fire Magic


You had one spell level left.
You knew the following spells:

 Your Spells              Type           Power        Failure   Level  Hunger
a - Flame Tongue          Conj/Fire      ###..        3%          1    None
b - Throw Flame           Conj/Fire      ###...       6%          2    ##.....
c - Conjure Flame         Conj/Fire      ###.....     12%         3    ###....
d - Sticky Flame          Conj/Fire      ###.....     34%         4    ####...


Dungeon Overview and Level Annotations

Branches:
Dungeon (4/15)
 Temple: D:4-7

Altars:
Elyvilon
Xom
Yredelemnul

Shops:
D:4 %[

Annotations:
D:1 FUCK_ING SHIT GAME
D:4 dondy's ghost, amateur DsAK


Innate Abilities, Weirdness & Mutations

You cannot wear most types of armour.
You are very stealthy in the water. (Stealth+)
You are amphibious.
You can wear up to eight rings at the same time.
You can use your tentacles to constrict eight enemies at once.
Your skin changes colour to match your surroundings (Stealth+).
Your rubbery body absorbs attacks. (AC +1, EV +1)


Message History

The flame tongue hits dondy's ghost.
Casting: Flame Tongue
Confirm with . or Enter, or press ? or * to list all spells.
Aiming: Flame Tongue
Press: ? - help, Shift-Dir - straight line, f/p - dondy's ghost
Aim: dondy's ghost (almost destroyed)
The flame tongue hits dondy's ghost.
You destroy dondy's ghost!
You are feeling very hungry.
There is a stone staircase leading down here.
You start eating the beef jerky.
That beef jerky was jerk-a-riffic!
You start eating the fruit.
Mmm - a full handful of figs!
You start resting.
You climb downwards.
Level annotation: dondy's ghost, amateur DsAK
There is a stone staircase leading up here.
The orc is too close now for your liking.
An orc and an orc wizard come into view.
Casting: Flame Tongue
Confirm with . or Enter, or press ? or * to list all spells.
Aiming: Flame Tongue
Press: ? - help, Shift-Dir - straight line, f - orc
Aim: an orc, wielding a dagger and wearing a leather armour (resting)
The flame tongue hits the orc.
The orc shouts! x2; You hear a shout! x2
An orc comes into view. It is wielding a dagger.
Casting: Flame Tongue
Confirm with . or Enter, or press ? or * to list all spells.
Aiming: Flame Tongue
Press: ? - help, Shift-Dir - straight line, f/p - orc
Aim: an orc, wielding a dagger and wearing a leather armour (almost dead)
The flame tongue misses the orc.
Casting: Flame Tongue
Confirm with . or Enter, or press ? or * to list all spells.
Aiming: Flame Tongue
Press: ? - help, Shift-Dir - straight line, f/p - orc
Aim: an orc, wielding a dagger and wearing a leather armour (almost dead)
The flame tongue hits the orc.
The orc appears unharmed.
The orc completely misses you.
An orc priest comes into view.
Casting: Flame Tongue
Confirm with . or Enter, or press ? or * to list all spells.
Aiming: Flame Tongue
Press: ? - help, Shift-Dir - straight line, f/p - orc
Aim: an orc, wielding a dagger and wearing a leather armour (almost dead)
The flame tongue hits the orc.
You kill the orc!
The orc priest shouts!
The orc priest looks satisfied for a moment.
Casting: Flame Tongue
Confirm with . or Enter, or press ? or * to list all spells.
Aiming: Flame Tongue
Press: ? - help, Shift-Dir - straight line, f - orc wizard
Aim: an orc wizard, wielding a dagger and wearing a robe The flame tongue hits the orc wizard.
The orc wizard casts a spell at you. The magic dart hits you!
Casting: Flame Tongue
Confirm with . or Enter, or press ? or * to list all spells.
Aiming: Flame Tongue
Press: ? - help, Shift-Dir - straight line, f/p - orc wizard
Aim: an orc wizard, wielding a dagger and wearing a robe (lightly wounded)
The flame tongue misses the orc wizard.
The orc wizard misses you.
Casting: Flame Tongue
Confirm with . or Enter, or press ? or * to list all spells.
Aiming: Flame Tongue
Press: ? - help, Shift-Dir - straight line, f/p - orc wizard
Aim: an orc wizard, wielding a dagger and wearing a robe (lightly wounded)
The flame tongue hits the orc wizard.
The orc wizard casts a spell at you. The magic dart hits you!
Casting: Flame Tongue
Confirm with . or Enter, or press ? or * to list all spells.
Aiming: Flame Tongue
Press: ? - help, Shift-Dir - straight line, f/p - orc wizard
Aim: an orc wizard, wielding a dagger and wearing a robe (almost dead)
The flame tongue hits the orc wizard.
The orc wizard hits you with a dagger. The orc hits you with a dagger.
The orc wizard gestures wildly while chanting.
The orc wizard flickers and vanishes!
Deactivating autopickup; reactivate with Ctrl-A.
The orc priest calls down the wrath of Beogh upon you.
Beogh smites you!
* * * LOW HITPOINT WARNING * * *
You are confused.
You can't go up here!
Something tries to affect you, but you resist.
You can't go up here!
You hit the orc.
The orc priest mumbles some strange prayers to Beogh against you.
Pain shoots through your body!
* * * LOW HITPOINT WARNING * * *
The orc barely misses you.
You can't go up here!
There is a stone staircase leading up here.
The orc hits you with a dagger.
You die...

######
#..........#
##........##
##........##
#..........#
#..........#
#.....o....#
#.......{..#
#.......o..#
##......o@##
##......##
########


You could see an orc priest and 2 orcs.

Vanquished Creatures
  A phantom (D:4)
  The ghost of dondy the Pure, a weakling DsAK of Lugonu (D:3)
  6 adders
  2 oozes (D:3)
  6 worms
  2 dart slugs
  2 leopard geckos (D:2)
  2 orcs (D:4)
  6 bats
  7 giant cockroaches
  5 goblins
  6 hobgoblins
  A ball python (D:3)
  5 frilled lizards
  8 kobolds
  7 rats
67 creatures vanquished.

Notes
Turn   | Place    | Note
-------+----------+-------------------------------------------
     0 | D:1      | RKaid the Octopode Fire Elementalist began the quest for the Orb.
     0 | D:1      | Reached XP level 1. HP: 11/11 MP: 3/3
   199 | D:1      | Reached skill level 3 in Stealth
   199 | D:1      | Reached XP level 2. HP: 17/17 MP: 1/5
   872 | D:2      | Reached XP level 3. HP: 21/21 MP: 1/6
   876 | D:2      | Learned a level 2 spell: Throw Flame
   880 | D:2      | Learned a level 3 spell: Conjure Flame
   982 | D:2      | Found a shimmering altar of Xom.
  1238 | D:2      | Reached XP level 4. HP: 27/27 MP: 4/7
  2066 | D:3      | Found a basalt altar of Yredelemnul.
  2273 | D:3      | Noticed dondy's ghost (weakling DsAK)
  2284 | D:3      | Reached skill level 2 in Conjurations
  2510 | D:3      | Reached XP level 5. HP: 31/31 MP: 5/9
  3283 | D:4      | Found a white marble altar of Elyvilon.
  3332 | D:4      | Found Boudo's Food Boutique.
  3360 | D:4      | Found Rasufeap's Antique Armour Shop.
  3377 | D:4      | Noticed a phantom
  3434 | D:4      | Killed a phantom
  3434 | D:4      | Reached skill level 3 in Spellcasting
  3434 | D:4      | Reached skill level 3 in Conjurations
  3434 | D:4      | Reached skill level 4 in Fire Magic
  3434 | D:4      | Reached XP level 6. HP: 11/36 MP: 0/11
  3516 | D:4      | Noticed dondy's ghost (amateur DsAK)
  3645 | D:4      | Learned a level 4 spell: Sticky Flame
  3751 | D:3      | Killed dondy's ghost
  3879 | D:4      | HP: 9/36 [orc priest/divine providence (10)]
  3888 | D:4      | HP: 2/36 [orc priest/nerve-wracking pain (8)]
  3891 | D:4      | Slain by an orc

Skill      XL: |  1  2  3  4  5 |
---------------+----------------+-----
Stealth        | 3 |  3.8
Conjurations   | 2 3 |  3.2
Spellcasting   | 3 |  3.4
Fire Magic     | 4 |  4.2
Dodging        | |  2.7

Action                   |  1- 3 |  4- 6 || total
-------------------------+-------+-------++-------
Melee: Unarmed           |     5 |     2 ||     7
       Constrict         |     2 |     2 ||     4
       Tentacles         |     2 |     3 ||     5
       Short sword       |       |     5 ||     5
 Cast: Flame Tongue      |    53 |   105 ||   158
       Throw Flame       |       |     9 ||     9
       Conjure Flame     |       |     2 ||     2
  Use: Scroll            |       |     5 ||     5
 Stab: Sleeping          |       |     1 ||     1
  Eat: Chunk             |     2 |     7 ||     9
       Fruit             |       |     1 ||     1
       Beef jerky        |       |     1 ||     1
Armor: Skin              |     3 |     2 ||     5
Dodge: Dodged            |    13 |    23 ||    36

Vault maps used:
D:1:      dpeg_arrival_tiny_a, minmay_surrounded
D:2:      serial_glass, glass_columns_a, glass_columns_b, glass_columns_c,
          glass_columns_a, first_bread, xom_teletrap_fun
D:3:      yredelemnul_altar_generic
D:4:      lemuel_round_altar, serial_shops, nicolae_shop_waterfront,
          kennysheep_mini_moat, shop_statue, kennysheep_mini,
          kennysheep_little_box, minivault_24, kennysheep_flooded_box,
          roderic_digamma_sauvastika, guppyfry_shop_venom, uniq_robin

Table legend:
 A = Turns spent in this place as a percentage of turns spent in the entire game.
 B = Non-inter-level travel turns spent in this place as a percentage of non-inter-level travel turns spent in the entire game.
 C = Inter-level travel turns spent in this place as a percentage of turns spent in this place.
 D = Turns resting spent in this place as a percentage of non-inter-level travel turns spent in this place.
 E = Turns spent auto-exploring this place as a percentage of non-inter-level travel turns spent in this place.
 F = Non-inter-level travel turns spent in this place divided by the number of levels of this place that you've seen.
                   A       B       C       D       E      F
               +-------+-------+-------+-------+-------+----------------------
         Total | 100.0 | 100.0 |   0.9 |   6.4 |   9.8 | 274.0
       Dungeon | 100.0 | 100.0 |   0.9 |   6.4 |   9.8 | 274.0
               +-------+-------+-------+-------+-------+----------------------

Table legend:
 A = Kills in this place as a percentage of kills in entire the game.
 B = Kills by you in this place as a percentage of kills by you in the entire game.
 C = Kills by friends in this place as a percentage of kills by friends in the entire game.
 D = Other kills in this place as a percentage of other kills in the entire game.
 E = Experience gained in this place as a percentage of experience gained in the entire game.
 F = Experience gained in this place divided by the number of levels of this place that you have seen.
                   A       B       C       D       E      F
               +-------+-------+-------+-------+-------+----------------------
         Total | 100.0 | 100.0 |  -nan |  -nan | 100.0 | 101.8
       Dungeon | 100.0 | 100.0 |  -nan |  -nan | 100.0 | 101.8
               +-------+-------+-------+-------+-------+----------------------
